 Dungeon Crawl Stone Soup version 0.25-a0-163-g00f8f0cddd (webtiles) character file.

Game seed: 17102876508806206467, levelgen mode: deterministic

210 Jindul the Cutter (level 6, 0/63 HPs)
             Began as a Halfling Abyssal Knight on Nov 22, 2019.
             Was a Believer of Lugonu.
             Succumbed to an orc wizard's poison
             ... on level 4 of the Dungeon.
             The game lasted 00:19:28 (2917 turns).

Jindul the Cutter (Halfling Abyssal Knight)         Turns: 2917, Time: 00:19:29

Health: 0/63       AC: 23    Str: 18    XL:     6   Next: 12%
Magic:  8/8        EV:  3    Int: 10    God:    Lugonu [**....]
Gold:   108        SH:  5    Dex: 16    Spells: 5/5 levels left

rFire    . . .     SeeInvis .   a - +1 short sword
rCold    . . .     Gourm    .   j - +0 buckler
rNeg     + + +     Faith    .   (armour currently unavailable)
rPois    +         Spirit   .   (helmet currently unavailable)
rElec    .         Reflect  .   (cloak currently unavailable)
rCorr    .         Harm     .   (gloves currently unavailable)
MR       .....     NoTele   +   (boots currently unavailable)
Stlth    ++........             (no amulet)
HPRegen  0.20/turn              (no ring)
MPRegen  0.11/turn              (no ring)

@: mighty, lethally poisoned (0 -> -3), tree-form, slowed, very slow
A: small, mutation resistance 1
a: Depart the Abyss, Bend Space, Renounce Religion


You were on level 4 of the Dungeon.
You worshipped Lugonu.
Lugonu was pleased with you.
You were near starving.
You were a tree.
You visited 1 branch of the dungeon, and saw 4 of its levels.
You visited the Abyss 1 time.

You collected 108 gold pieces.

Inventory:

Hand Weapons
 a - a +1 short sword (weapon)
 b - a +0 hunting sling
Missiles
 d - 45 stones (quivered)
 e - 31 bolts
 m - 44 sling bullets
Armour
 j - a +0 buckler (worn)
 q - a +0 leather armour (melded)
Jewellery
 o - an uncursed ring of stealth {unknown}
Wands
 r - a wand of acid (13)
Scrolls
 f - a scroll of enchant armour
 g - 4 scrolls of identify
 n - 3 scrolls of remove curse
 p - a scroll of teleportation
Comestibles
 c - 4 rations


   Skills:
 - Level 3.0 Fighting
 * Level 4.0 Short Blades
 - Level 1.0 Throwing
 - Level 3.0 Armour
 + Level 2.4 Dodging
 + Level 2.0 Stealth
 + Level 1.5 Shields
 + Level 2.9 Invocations


You had 5 spell levels left.
You didn't know any spells.
Your spell library contained the following spells:

 Spells                   Type           Power        Failure   Level  Hunger
 Beastly Appendage        Tmut           #.....       50%         1    ##.....
 Flame Tongue             Conj/Fire      #....        50%         1    ##.....
 Sticks to Snakes         Tmut           #.......     63%         2    ###....
 Throw Flame              Conj/Fire      #.....       63%         2    ###....
 Conjure Flame            Conj/Fire      #.......     86%         3    ####...
 Inner Flame              Hex/Fire       #.......     86%         3    ####...
 Spider Form              Tmut/Pois      #.........   86%         3    ####...
 Ice Form                 Ice/Tmut       #.......     99%         4    #####..
 Sticky Flame             Conj/Fire      #.......     99%         4    #####..
 Blade Hands              Tmut           #.........   100%        5    ######.
 Fireball                 Conj/Fire      #.........   100%        5    ######.


Dungeon Overview and Level Annotations

Branches:
Dungeon (4/15)
 Temple: D:4-7

Altars:
Fedhas

Annotations:
D:3 1 exclusion
D:4 exclusion: upstairs


Innate Abilities, Weirdness & Mutations

You are small and have problems with some larger weapons.
You are somewhat resistant to further mutation.


Message History

You feel sick.
As you read the scroll labeled VEV GAGUQOTEXT, it crumbles to dust.
You feel a strange sense of stasis.
It was a scroll of teleportation.
You are near starving!
* * * LOW HITPOINT WARNING * * *
You feel sick.
You cannot move.
There is a lethal amount of poison in your body!
As you read the scroll labeled UGEJACZUAL, it crumbles to dust.
It is a scroll of amnesia.
You feel forgetful for a moment.
* * * LOW HITPOINT WARNING * * *
You feel sick.
* * * LOW HITPOINT WARNING * * *
You feel sick.
* * * LOW HITPOINT WARNING * * *
You feel sick.
* * * LOW HITPOINT WARNING * * *
You feel sick.
You die...

#......#.###.
#......#.....
######......#.####
#.................
#.########.##.####
#.#...............
#.#.######.##.###.
#.#.# #.#......
#♣#.# #.#######
################)#.#
#.# #....
...§....†o...o...#.#
#.# #.###
##################.#
#.###.... #.#
#........
#.##############
#...............
################
#...


There were no monsters in sight!

Vanquished Creatures
  An orc wizard (D:4)
  A hound (D:4)
  Terence (D:3)
  5 adders
  An ooze (D:1)
  A dart slug (D:2)
  7 leopard geckos
  An orc (D:4)
  2 bats (D:1)
  4 giant cockroaches
  9 hobgoblins
  3 quokkas
  2 ball pythons
  18 frilled lizards
  7 goblins
  A jackal skeleton (D:4)
  2 kobolds (D:1)
  10 rats
76 creatures vanquished.

Notes
Turn   | Place    | Note
-------+----------+-------------------------------------------
     0 | Abyss:1  | Jindul the Halfling Abyssal Knight began the quest for the
                  | Orb.
     0 | Abyss:1  | Reached XP level 1. HP: 15/15 MP: 2/2
   116 | Abyss:1  | Noticed a neqoxec
   121 | Abyss:1  | Noticed a ynoxinul
   122 | D:1      | Escaped the Abyss
   242 | D:1      | Reached * piety under Lugonu
   348 | D:1      | Reached XP level 2. HP: 19/20 MP: 3/3
   835 | D:1      | You fall into a shaft and drop 1 floor!
   850 | D:2      | Reached skill level 1 in Stealth
   850 | D:2      | Reached XP level 3. HP: 17/25 MP: 4/4
  1127 | D:2      | Reached skill level 3 in Short Blades
  1264 | D:2      | Reached XP level 4. HP: 7/30 MP: 5/5
  1629 | D:2      | Reached ** piety under Lugonu
  1797 | D:2      | Found a blossoming altar of Fedhas.
  2150 | D:1      | Reached skill level 1 in Throwing
  2219 | D:3      | Reached skill level 1 in Shields
  2226 | D:3      | Reached XP level 5. HP: 30/36 MP: 6/6
  2287 | D:3      | Noticed Terence
  2411 | D:3      | Killed Terence
  2903 | D:4      | Reached skill level 4 in Short Blades
  2903 | D:4      | Reached XP level 6. HP: 13/42 MP: 8/8
  2912 | D:4      | HP: 3/63 [poisoned by an orc wizard]
  2915 | D:4      | HP: 1/63 [poisoned by an orc wizard]
  2917 | D:4      | Succumbed to an orc wizard's poison

Levels and vault maps discovered:
D:1:      nzn_arrival_crosshair, layout_loops_corners, minmay_lizard_king
D:2:      layout_loops_ring, marbit_many_paths, first_ration
D:3:      layout_basic, ebering_ghost_disaster_area, uniq_terence
D:4:      layout_basic, yredelemnul_forgotten_temple_becter

Skill      XL: |  1  2  3  4  5 |
---------------+----------------+-----
Stealth        | 1 2 |  2.0
Short Blades   | 3 4 |  4.0
Fighting       | 3 |  3.0
Dodging        | 2 |  2.4
Throwing       | 1 |  1.0
Shields        | 1 |  1.5
Armour         | 3 |  3.0
Invocations    | |  2.9

Action                   |  1- 3 |  4- 6 || total
-------------------------+-------+-------++-------
Melee: Short sword       |    81 |   169 ||   250
 Fire: Hunting sling     |       |    10 ||    10
Throw: Stone             |    22 |       ||    22
Invok: Depart the Abyss  |     1 |       ||     1
  Use: Potion            |     1 |     3 ||     4
       Scroll            |       |     6 ||     6
 Stab: Sleeping          |     1 |     6 ||     7
  Eat: Chunk             |     1 |     4 ||     5
Armor: Leather armour    |    11 |    20 ||    31
Dodge: Dodged            |    46 |    78 ||   124
Block: Buckler           |    10 |    29 ||    39

Table legend:
 A = Non-vault XP
 B = Vault XP
 C = Vault XP percentage of total XP
 D = Non-vault monster count
 E = Vault monster count
 F = Vault count percentage of total count
                 A         B        C        D         E       F
            +---------+---------+-------+---------+---------+-------
      Total |     250 |      51 |  16.9 |      63 |      13 |  17.1
            +---------+---------+-------+---------+---------+-------
        D:1 |      28 |      13 |  31.7 |      14 |      11 |  44.0
        D:2 |      88 |       2 |   2.2 |      25 |       1 |   3.8
        D:3 |      29 |      36 |  55.4 |      16 |       1 |   5.9
        D:4 |     105 |       0 |   0.0 |       8 |       0 |   0.0
            +---------+---------+-------+---------+---------+-------
